 Dungeon Crawl Stone Soup version 0.31-a0-150-g89dc3ad700 (webtiles) character file.

Game seed: 18000611017252819486

254 Dittersdorf the Covered (level 6, -4/39 HPs)
             Began as a Gargoyle Fighter on June 8, 2023.
             Slain by Menkaure (8 damage)
             ... on level 4 of the Dungeon.
             The game lasted 00:04:11 (2668 turns).

Dittersdorf the Covered (Gargoyle Fighter)          Turns: 2668, Time: 00:04:12

Health: -4/39      AC: 14    Str: 21    XL:     6   Next: 14%
Magic:  6/6        EV:  9    Int:  9    God:
Gold:   131        SH:  6    Dex:  9    Spells: 5/5 levels left

rFire   . . .        a - +0 flail
rCold   . . .        u - +2 buckler
rNeg    + . .        q - +2 scale mail {rPois}
rPois   ∞            (no helmet)
rElec   +            (no cloak)
rCorr   .            (no gloves)
SInv    .            n - +0 pair of boots
Will    .....        (no amulet) Stlth
                     m - ring of wizardry
HPRegen 0.26/turn    (no ring)
MPRegen 0.10/turn

%: wizardry (x1)
@: no status effects
A: sickness immunity, AC +4, negative energy resistance 1, electricity
resistance, torment resistance 1, petrification resistance
a: no special abilities


You were on level 4 of the Dungeon.
You visited 1 branch of the dungeon, and saw 4 of its levels.

You collected 131 gold pieces.

Inventory:

Hand Weapons
 a - a +0 flail (weapon)
Missiles
 i - 4 poisoned darts
Armour
 n - a +0 pair of boots (worn)
 q - a +2 scale mail of poison resistance (worn)
 u - a +2 buckler (worn)
Jewellery
 m - a ring of wizardry (left hand)
Scrolls
 f - a scroll of noise {unknown}
 g - 2 scrolls of enchant weapon {unknown}
 l - a scroll of silence {unknown}
 o - 2 scrolls of teleportation {unknown}
 p - 2 scrolls of fear {unknown}
 r - a scroll of immolation {unknown}
 s - a scroll of poison {unknown}
 t - a scroll of magic mapping {unknown}
Potions
 b - 2 potions of cancellation {unknown}
 c - 2 potions of heal wounds {unknown}
 d - 3 potions of might
 e - a potion of haste {unknown}
 h - 5 potions of curing {unknown}
 j - a potion of berserk rage {unknown}
 k - 3 potions of degeneration {unknown}


   Skills:
 + Level 4.6 Fighting
 + Level 3.5 Maces & Flails
 + Level 4.6 Armour
 + Level 4.6 Shields


You had 5 spell levels left.
You didn't know any spells.
Your spell library contained the following spells:

 Spells                   Type           Power      Damage    Failure   Level
 Beastly Appendage        Tmut           0%         N/A       45%         1
 Wereblood                Tmut           0%         N/A       58%         2
 Spider Form              Tmut/Pois      0%         N/A       80%         3


Dungeon Overview and Level Annotations

Branches:
Dungeon (4/15)
 Temple: D:4-7

Altars:
Nemelex Xobeh

Annotations:
D:4 Menkaure


Innate Abilities, Weirdness & Mutations

You are immune to sickness and miasma.
Your stone body is resilient. (AC +4)
You are immune to poison.
You resist negative energy. (rN+)
You are resistant to electric shocks. (rElec)
You are resistant to unholy torment.
You are immune to petrification.


Message History

No target in view!
Found a stone staircase leading down.
You open the door.
Found a scale mail.
Found a short sword.
You open the door.
Found a stone staircase leading up.
Menkaure, Prince of Dust comes into view.
Menkaure shouts!
You hear a shout!
A kobold comes into view. It is wielding a +0 whip.
There is an open door here.
Found a leather armour.
Menkaure points at you and mumbles some strange words.
Pain shoots through your body!
Menkaure calls on the powers of darkness!
The kobold convulses!
Your body is wracked with pain!
The kobold barely misses you.
You barely miss Menkaure.
An adder comes into view.
Menkaure mumbles some strange words.
Menkaure seems to speed up.
The kobold closely misses you.
You barely miss Menkaure. You block Menkaure's attack.
The kobold hits you with a +0 whip. Menkaure hits you.
You barely miss Menkaure. The kobold closely misses you.
Menkaure closely misses you.
You barely miss Menkaure. The kobold barely misses you.
You block Menkaure's attack. You block the kobold's attack.
Menkaure hits you but does no damage. Menkaure attacks as you move away!
Menkaure closely misses you. Menkaure attacks as you move away!
Menkaure hits you!
* * * LOW HITPOINT WARNING * * *
Menkaure attacks as you move away! Menkaure hits you.
* * * LOW HITPOINT WARNING * * *
The adder attacks as you move away! The adder bites you but does no damage.
Menkaure attacks as you move away! Menkaure barely misses you.
The adder attacks as you move away! You block the adder's attack.
There is a stone staircase leading up here.
The adder closely misses you. Menkaure closely misses you.
The adder bites you but does no damage. Menkaure hits you!
You die...

##########
..#........#######
#.#.####.........# ....
#.#. #.[.......# ....
#.#.# #.........# .....
#.#.# #.......... .....
#.#.# #.......... #....
#.#.####..........
#....##@#.....##+######.
##.#...SMK.###.##.# #.
...........'......# #.
...........###.#### #.
.............#.# #.
.............#)# #.
..........#..#.##########
.............#.#.........
.............#.#.........


You could see Menkaure (fast), an adder and a kobold.

Vanquished Creatures
  A jelly (D:3)
  An orc priest (D:3)
  Terence (D:2)
  An orc wizard (D:2)
  4 adders
  A gnoll (D:1)
  5 worms
  2 dart slugs (D:1)
  3 orcs
  6 endoplasms
  5 giant cockroaches
  7 goblins
  7 hobgoblins
  5 quokkas
  7 ball pythons
  4 bats
  5 frilled lizards
  8 kobolds
  5 rats
78 creatures vanquished.

Notes
Turn   | Place    | Note
-------+----------+-------------------------------------------
     0 | D:1      | Dittersdorf the Gargoyle Fighter began the quest for the
                  | Orb.
     0 | D:1      | Reached XP level 1. HP: 14/14 MP: 1/1
    66 | D:1      | Reached XP level 2. HP: 16/19 MP: 2/2
   263 | D:1      | Found a faded altar of an unknown god.
   521 | D:1      | Reached XP level 3. HP: 21/23 MP: 3/3
   853 | D:2      | Noticed Terence
   854 | D:2      | Found a sparkling altar of Nemelex Xobeh.
   871 | D:2      | Killed Terence
   872 | D:2      | Reached XP level 4. HP: 26/29 MP: 4/4
  1406 | D:3      | Reached XP level 5. HP: 33/33 MP: 5/5
  2038 | D:3      | Reached XP level 6. HP: 5/39 MP: 6/6
  2657 | D:4      | Noticed Menkaure
  2668 | D:4      | Slain by Menkaure

Illustrated notes

Levels and vault maps discovered:
D:1:      lightli_arrival_noodles, layout_loops_ring,
          chequers_ecumenical_altar_island
D:2:      layout_basic, basic_altar, uniq_terence
D:3:      layout_loops_cross
D:4:      layout_basic, item_on_display_a, uniq_menkaure

Skill      XL: |  1  2  3  4 |
---------------+-------------+-----
Armour         | 4 |  4.6
Shields        | 4 |  4.6
Fighting       | 4 |  4.6
Maces & Flails | 3 |  3.5

Action                     |  1- 3 |  4- 6 || total
---------------------------+-------+-------++-------
  Melee: Flail             |   117 |   195 ||   312
 Armour: Scale mail        |    33 |   143 ||   176
         Chain mail        |    37 |       ||    37
  Dodge: Dodged            |    57 |    77 ||   134
  Block: Buckler           |    35 |    53 ||    88

Table legend: (Time is in decaauts)
 A = Elapsed time spent in this place.
 B = Non-inter-level travel time spent in this place.
 C = Inter-level travel time spent in this place.
 D = Time resting spent in this place.
 E = Time spent auto-exploring this place.
 F = Levels seen in this place.
 G = Mean time per level.
                   A        B        C        D        E       F      G
               +--------+--------+--------+--------+--------+-----+--------+
         Total |   2765 |   2693 |     72 |    341 |   1607 |   4 |  691.2 |
       Dungeon |   2765 |   2693 |     72 |    341 |   1607 |   4 |  691.2 |
               +--------+--------+--------+--------+--------+-----+--------+

Top non-repeatable levels by time:
     D:2: 1003 daAuts
     D:3: 961 daAuts
     D:1: 682 daAuts
     D:4: 117 daAuts
